 Dungeon Crawl Stone Soup version 0.24.1 (webtiles) character file.

Game seed: 9074122587725089297, levelgen mode: deterministic

48 Doot the Stinger (level 3, 0/24 HPs)
             Began as a Demonspawn Venom Mage on Apr 2, 2020.
             Slain by a leopard gecko (2 damage)
             ... on level 3 of the Dungeon.
             The game lasted 00:02:22 (1172 turns).

Doot the Stinger (Demonspawn Venom Mage)            Turns: 1172, Time: 00:02:22

Health: 0/24       AC:  8    Str:  8    XL:     3   Next: 50%
Magic:  0/6        EV: 12    Int: 17    God:
Gold:   30         SH:  0    Dex: 13    Spells: 4/7 levels left

rFire    . . .     SeeInvis .   d - +2 dagger (venom)
rCold    . . .     Gourm    .   (no shield)
rNeg     . . .     Faith    .   a - +0 robe
rPois    .         Spirit   +   (no helmet)
rElec    .         Reflect  .   (no cloak)
rCorr    .         Harm     .   (no gloves)
MR       .....                  (no boots)
Stlth    ++........             (no amulet)
HPRegen  0.08/turn              (no ring)
MPRegen  0.10/turn              (no ring)

@: sanguine armour
A: magic shield, sanguine armour 1
a: no special abilities


You were on level 3 of the Dungeon.
You were not hungry.

You visited 1 branch of the dungeon, and saw 3 of its levels.

You collected 30 gold pieces.

Inventory:

Hand Weapons
 d - a +2 dagger of venom (weapon)
Missiles
 k - 4 curare-tipped darts (quivered)
Armour
 a - a +0 robe (worn)
Scrolls
 b - 2 scrolls of identify {unknown}
 e - a scroll of teleportation {unknown}
 f - a scroll of remove curse {unknown}
 h - 2 scrolls of enchant weapon {unknown}
Potions
 g - a potion of agility {unknown}
 i - a potion of curing {unknown}
Comestibles
 c - 2 rations
 j - 4 chunks of flesh


   Skills:
 + Level 1.9 Dodging
 + Level 2.4 Stealth
 + Level 2.5 Spellcasting
 + Level 1.1 Conjurations
 + Level 3.6 Poison Magic


You had 4 spell levels left.
You knew the following spells:

 Your Spells              Type           Power        Failure   Level  Hunger
a - Sting                 Conj/Pois      ##..         7%          1    #......
b - Poisonous Vapours     Pois/Air       #.....       13%         2    ##.....

Your spell library contained the following spells:

 Spells                   Type           Power        Failure   Level  Hunger
 Mephitic Cloud           Conj/Pois/Air  #.......     28%         3    ###....
 Olgreb's Toxic Radiance  Pois           ##......     38%         4    #####..
 Venom Bolt               Conj/Pois      ##........   88%         5    ######.


Dungeon Overview and Level Annotations

Branches:
Dungeon (3/15)

Altars:

Annotations:
D:2 Robin


Innate Abilities, Weirdness & Mutations

When hurt, damage is shared between your health and your magic reserves.
When seriously injured, your bleeding wounds create armour. (AC +6)


Message History

The goblins go into a battle-frenzy!
The goblin no longer looks unusually strong.
The hobgoblin no longer looks unusually strong.
The bat misses you.
The hobgoblin hits the plant but does no damage.
The leopard gecko hisses menacingly.
The bat completely misses you. The bat barely misses you.
The leopard gecko bites you.
* * * LOW HITPOINT WARNING * * *
The bat hits you but does no damage. The bat hits you but does no damage.
The bat barely misses you.
There is a stone staircase leading down here.
The bat barely misses you. The bat hits you but does no damage.
The leopard gecko closely misses you.
You climb downwards.
There is a stone staircase leading up here.
The leopard gecko bites you but does no damage.
You barely miss the leopard gecko. The leopard gecko bites you.
You die...

..# #.#
#.# ####.#
+..#<#
##.#.#
+....#
#..#####.#
+...l@...#
##########


You could see a leopard gecko.

Vanquished Creatures
  2 adders (D:2)
  2 leopard geckos (D:2)
  A bat (D:2)
  A giant cockroach (D:1)
  7 goblins
  A hobgoblin (D:1)
  3 quokkas (D:2)
  3 frilled lizards
  3 kobolds (D:1)
  4 rats (D:1)
27 creatures vanquished.

Vanquished Creatures (others)
  A plant (D:2)
1 creature vanquished.

Grand Total: 28 creatures vanquished

Notes
Turn   | Place    | Note
-------+----------+-------------------------------------------
     0 | D:1      | Doot the Demonspawn Venom Mage began the quest for the Orb.
     0 | D:1      | Reached XP level 1. HP: 13/13 MP: 3/3
   284 | D:1      | Gained mutation: When seriously injured, your bleeding
                  | wounds create armour. (AC +6) [demonic ancestry]
   284 | D:1      | Reached XP level 2. HP: 12/19 MP: 0/5
   626 | D:1      | Learned a level 2 spell: Poisonous Vapours
   991 | D:2      | Gained mutation: When hurt, damage is shared between your
                  | health and your magic reserves. [demonic ancestry]
   991 | D:2      | Reached XP level 3. HP: 19/24 MP: 2/6
  1088 | D:2      | Noticed Robin
  1160 | D:2      | HP: 1/24 [leopard gecko (2)]
  1172 | D:3      | Slain by a leopard gecko

Levels and vault maps discovered:
D:1:      eino_arrival_tree_alley, layout_loops_ring, minmay_tripent
D:2:      wad_woods_settlement, layout_rooms, first_ration, uniq_robin
D:3:      layout_basic, lemuel_coloured_pillars_altar, gammafunk_ghost_split

Skill      XL: |  1  2 |
---------------+-------+-----
Stealth        | 2 |  2.4
Dodging        | |  1.9
Spellcasting   | |  2.5
Conjurations   | |  1.1
Poison Magic   | |  3.6

Action                   || total
-------------------------++-------
Melee: Dagger            ||    34
 Cast: Sting             ||    26
       Poisonous Vapours ||     3
 Stab: Sleeping          ||     1
  Eat: Chunk             ||     1
Armor: Robe              ||    22
Dodge: Dodged            ||    48
